nht, chaotic male orcish Rogue --- ---- ------- ---- ---.--- ---- --..--- |.....| |..| --.....-- |..|--- |.....|-- --....--- --.---------.......| |..|..-- |-....|.-- ----...-- |..|....%.........| --.....| |........-- --....-- --....-------.....-----.....| --........-- |......| ---.- ---.|..| |.....[........-- --........-- ---......---..... |...|.-- --.......%.....-- |..........-------.%(-............- ---.--|.| |....--........| ..................................---- |...| |.| ---.-----..%...-- ----....------...-----....)---.--.|.-- --.--- |.| |.).| --....-| ----.....| ---.--- ---).-- |.......|--..-- |.| ---.-.-- |.....-- --.|......--|...| ---- ---....-|.....| |.-- |......| |......| ----|...........|.--- --....-|.....|---..| |.....-| ---.|.-- |..--.............| |.....[|--...-|....| --..<..| ----- |...............----- |....[.| |....|..--- --...-- --.....>%.......@--.. ---......--|....|--- --..| ----..............| |..........|....| ---- |..|...---.....| |.....----...---- ---|..-- --..--- --.---- |...| ---- ---- --- ----- nht the Cutpurse Experience level: 5 Strength: 13 Dexterity: 18 Constitution: 10 Intelligence: 12 Wisdom: 15 Charisma: 7 Health: 0(33) Energy: 23(23) Def: 7 Gold: 320 Moves: 1644 Dungeon seed: GhYHIwRNbTEcCuag Game ID: nht_1430833510 Your Inventory: Coins $ - 320 gold pieces Weapons a - a +0 orcish short sword (weapon in hand) b - 9 +0 orcish daggers (in quiver) O - 7 +0 crossbow bolts R - 13 cursed -2 darts Armor e - a blessed +0 dwarvish cloak q - an uncursed +0 dwarvish mithril-coat (being worn) Comestibles h - an uncursed apple z - an uncursed lichen corpse A - an uncursed partly eaten cram ration N - an uncursed sprig of wolfsbane Scrolls j - 2 uncursed scrolls of blank paper m - a cursed scroll of light p - an uncursed scroll of identify u - an uncursed scroll of scare monster T - a cursed scroll of confuse monster Spellbooks x - an uncursed spellbook of haste self B - an uncursed spellbook of create monster U - an uncursed spellbook of cause fear Potions c - an uncursed potion of sickness k - an uncursed potion of object detection r - an uncursed potion of extra healing G - an uncursed potion of hallucination Rings l - a blessed +1 ring of protection (on left hand) t - a cursed ring of protection from shape changers Tools f - an uncursed sack g - an uncursed blindfold i - an uncursed oil lamp (lit) (0:841) v - an uncursed lock pick P - 2 uncursed tallow candles (0:200) Gems n - an uncursed worthless piece of orange glass y - an uncursed agate stone Q - an uncursed worthless piece of green glass Y - an uncursed worthless piece of yellowish brown glass Spells known in the end: Name Level Category Fail Memory Your skills at the end: Fighting Skills Weapon Skills dagger [Basic] short sword [Basic] Spellcasting Skills Final Attributes: You were piously aligned. You were poison resistant. You had infravision. You were stealthy. You were protected. You were lucky. You are dead. Vanquished creatures: a shrieker 2 gnome lords a gnomish wizard a kitten 2 dwarves an iguana a coyote a hobbit 7 gnomes 2 garter snakes a jackal a goblin 4 grid bugs 2 bats 2 lichens 4 newts 33 creatures vanquished. Voluntary challenges: You used a wielded weapon 68 times, starting on turn 347. You were illiterate. You never genocided any monsters. You never polymorphed an object. You never changed form. You used no wishes. You never split a pudding. You never wrote Elbereth's name. You never violated your personal moral code. Dungeon overview: The Dungeons of Doom: levels 1 to 4 Level 1 an altar to Issek , some fountains, a sink a long staircase Level 2 Level 3 an altar to Mog , a fountain stairs to The Gnomish Mines Level 4 The Gnomish Mines: Level 4 <- You were here stairs to The Dungeons of Doom History has recorded: On T:1 you entered the Dungeons of Doom to retrieve the Amulet of Yendor! On T:431 you reached level 2 of The Dungeons of Doom. On T:528 you reached level 3 of The Dungeons of Doom. On T:1012 you reached level 4 of The Dungeons of Doom. On T:1023 you advanced to experience level 2. On T:1169 you reached level 1 of The Gnomish Mines. On T:1200 you advanced to experience level 3. On T:1362 you advanced to experience level 4. On T:1525 you advanced to experience level 5. Score breakdown: Gold: 320 ( 8526 points) Experience: 5 levels (11141 points) Exploration: 4 levels ( 7.84%) ( 7348 points) Discoveries: 2 items ( 0.69%) ( 2500 points) Valuables value: (no points given unless you survive) Artifact value: 0 ( 0 points) Variety of kills: 16 monsters ( 4.22%) ( 6163 points) Time penalty: 1644 turns ( 0 points) Survival: died (score multiplied by 80%) Total score: 28542 Latest messages: B - an uncursed white spellbook. o - a blessed dark green potion. r - an uncursed murky potion. t - a cursed coral ring. n - an uncursed orange gem. You feel a little strange. You shudder for a moment. You die... Final status: Goodbye nht the Rogue, killed by a system shock... You died in The Gnomish Mines on dungeon level 4 with 28542 points, and 320 pieces of gold, after 1644 moves. You were level 5 with a maximum of 33 hit points when you died.